[ AOE2 MATCH · #488306442 ]
UnrankedBurgundians vs Spanish
[ REPLAY ANALYSIS · EXTRACTED FROM THE RECORDED GAME ]
Feudal
10:57
Castle
14:38
Imperial
—
| APM avg | 44.9 |
| APM peak | 101 |
| eAPM avg | 22.3 |
| Villagers / military | 76 / 56 |
Focus
⚔️ 23.4% · 🌾 76.6%
Knight ×45 · Monk ×6 · Spearman ×3 · Scout Cavalry ×2
Feudal
11:05
Castle
14:56
Imperial
—
| APM avg | 22.0 |
| APM peak | 44 |
| eAPM avg | 9.9 |
| Villagers / military | 47 / 18 |
Focus
⚔️ 19.6% · 🌾 80.4%
Conquistador ×11 · Battering Ram ×5 · Missionary ×2
Feudal
10:06
Castle
13:37
Imperial
—
| APM avg | 31.8 |
| APM peak | 71 |
| eAPM avg | 16.3 |
| Villagers / military | 96 / 62 |
Focus
⚔️ 34.1% · 🌾 65.9%
Magyar Huszar ×51 · Monk ×4 · Battering Ram ×4 · Petard ×2 · Mangonel ×1
Feudal
11:32
Castle
15:02
Imperial
29:15
| APM avg | 28.9 |
| APM peak | 64 |
| eAPM avg | 11.0 |
| Villagers / military | 61 / 13 |
Focus
⚔️ 14.2% · 🌾 85.8%
Monk ×5 · Organ Gun ×4 · Scout Cavalry ×4
Feudal
12:11
Castle
16:06
Imperial
20:31
| APM avg | 36.1 |
| APM peak | 69 |
| eAPM avg | 18.0 |
| Villagers / military | 67 / 61 |
Focus
⚔️ 26.2% · 🌾 73.8%
Hand Cannoneer ×52 · Bombard Cannon ×8 · Monk ×1
Feudal
10:09
Castle
13:22
Imperial
—
| APM avg | 30.5 |
| APM peak | 67 |
| eAPM avg | 14.8 |
| Villagers / military | 96 / 43 |
Focus
⚔️ 16.2% · 🌾 83.8%
Knight ×41 · Monk ×2
Match map
Initial resources + every placement click. Lines = walls · curves = elevation contours. ◆ gold · ⬟ stone · ● berries · ✦ relic · ◌ wall gap
Your base· ✓ Closed at 14:38 · 0t walls · 3 gate(s)
Ang3l's base· ✓ Closed at 14:56 · 0t walls · 2 gate(s)
LMG_Leonardo's base· ✓ Closed at 13:37 · 0t walls · 2 gate(s)
iamjhing's base· ✓ Closed at 15:02 · 1t walls · 2 gate(s)
LMG_SON SABANDIJAS's base· ✓ Closed at 16:06 · 0t walls · 2 gate(s)
Romans's base· ✓ Closed at 13:22 · 0t walls · 3 gate(s)
Smoothed initial terrain · ◌ = detected wall gap · hover for details
Inputs per minute
— LMG_HERA DE TEMU - - Ang3l
Build order — LMG_HERA DE TEMU
First 150 of 228 actions detected
| 0:02 | Create | Villager (Male) |
| 0:02 | Create | Villager (Male) |
| 0:02 | Create | Villager (Male) |
| 0:02 | Create | Villager (Male) |
| 0:02 | Create | Villager (Male) |
| 0:06 | Build | House |
| 0:07 | Build | House |
| 1:25 | Create | Villager (Male) |
| 1:26 | Create | Villager (Male) |
| 1:26 | Create | Villager (Male) |
| 1:48 | Build | Lumber Camp |
| 2:03 | Create | Villager (Male) |
| 2:03 | Create | Villager (Male) |
| 2:30 | Create | Villager (Male) |
| 2:30 | Create | Villager (Male) |
| 2:49 | Create | Villager (Male) |
| 2:50 | Create | Villager (Male) |
| 2:58 | Create | Villager (Male) |
| 2:58 | Create | Villager (Male) |
| 2:59 | Create | Villager (Male) |
| 3:33 | Build | House |
| 3:42 | Create | Villager (Male) |
| 3:42 | Create | Villager (Male) |
| 3:42 | Create | Villager (Male) |
| 3:44 | Build | House |
| 4:01 | Create | Villager (Male) |
| 4:01 | Create | Villager (Male) |
| 4:01 | Create | Villager (Male) |
| 4:02 | Create | Villager (Male) |
| 4:38 | Build | House |
| 4:41 | Create | Villager (Male) |
| 4:41 | Create | Villager (Male) |
| 4:41 | Create | Villager (Male) |
| 5:15 | Build | Mill |
| 5:24 | Create | Villager (Male) |
| 5:24 | Create | Villager (Male) |
| 5:52 | Create | Villager (Male) |
| 5:52 | Create | Villager (Male) |
| 6:08 | Create | Villager (Male) |
| 6:09 | Create | Villager (Male) |
| 6:09 | Create | Villager (Male) |
| 6:43 | Build | Farm |
| 6:48 | Build | Farm |
| 7:08 | Create | Villager (Male) |
| 7:56 | Build | Farm |
| 8:01 | Build | Farm |
| 8:08 | Research | Feudal Age |
| 8:40 | Build | Mining Camp |
| 9:05 | Create | Villager (Male) |
| 9:05 | Create | Villager (Male) |
| 10:57 | Age | Feudal Age |
| 11:03 | Build | Market |
| 11:17 | Build | Blacksmith |
| 11:41 | Build | House |
| 11:58 | Research | Castle Age |
| 11:59 | Research | Castle Age |
| 12:08 | Research | Double-Bit Axe |
| 12:34 | Build | House |
| 13:10 | Build | Barracks |
| 13:11 | Create | Villager (Male) |
| 13:12 | Create | Villager (Male) |
| 14:03 | Build | Stable |
| 14:26 | Build | House |
| 14:36 | Create | Spearman |
| 14:38 | Age | Castle Age |
| 14:59 | Build | Monastery |
| 15:05 | Research | Cavalier (upgrade) |
| 15:10 | Create | Spearman |
| 15:19 | Create | Villager (Male) |
| 15:20 | Create | Villager (Male) |
| 15:30 | Build | House |
| 15:34 | Create | Monk |
| 15:34 | Create | Monk |
| 15:59 | Build | Farm |
| 16:12 | Create | Spearman |
| 17:01 | Create | Villager (Male) |
| 17:01 | Create | Villager (Male) |
| 17:01 | Create | Villager (Male) |
| 17:02 | Create | Villager (Male) |
| 17:04 | Build | Farm |
| 17:05 | Build | Farm |
| 17:06 | Build | Farm |
| 17:12 | Create | Knight |
| 17:12 | Create | Knight |
| 17:25 | Create | Monk |
| 17:34 | Research | Gold Mining |
| 17:37 | Create | Villager (Male) |
| 17:37 | Create | Villager (Male) |
| 17:50 | Research | Scale Barding Armor |
| 17:58 | Build | Farm |
| 18:00 | Create | Villager (Male) |
| 18:00 | Create | Villager (Male) |
| 18:15 | Create | Knight |
| 18:16 | Create | Knight |
| 18:16 | Create | Knight |
| 18:32 | Build | Farm |
| 18:33 | Build | Farm |
| 18:34 | Build | Farm |
| 18:44 | Build | House |
| 18:45 | Build | House |
| 18:46 | Build | House |
| 19:18 | Create | Villager (Male) |
| 19:18 | Create | Villager (Male) |
| 19:21 | Build | Farm |
| 19:23 | Build | Farm |
| 19:30 | Build | House |
| 19:31 | Build | House |
| 19:45 | Create | Knight |
| 19:45 | Create | Knight |
| 19:47 | Research | Horse Collar |
| 19:47 | Research | Horse Collar |
| 20:11 | Create | Scout Cavalry |
| 20:11 | Create | Scout Cavalry |
| 20:15 | Build | Farm |
| 20:16 | Build | Farm |
| 20:30 | Research | Forging |
| 21:11 | Create | Knight |
| 21:12 | Create | Knight |
| 21:12 | Create | Knight |
| 21:15 | Create | Villager (Male) |
| 21:15 | Create | Villager (Male) |
| 21:15 | Create | Villager (Male) |
| 21:37 | Build | Town Center |
| 21:41 | Create | Villager (Male) |
| 21:42 | Create | Villager (Male) |
| 21:42 | Create | Villager (Male) |
| 22:17 | Research | Husbandry |
| 22:19 | Create | Villager (Male) |
| 22:19 | Create | Villager (Male) |
| 22:25 | Build | Stable |
| 22:41 | Create | Villager (Male) |
| 22:41 | Create | Villager (Male) |
| 22:46 | Build | Lumber Camp |
| 22:59 | Research | Loom |
| 23:16 | Create | Knight |
| 23:16 | Create | Knight |
| 23:16 | Create | Knight |
| 23:16 | Create | Knight |
| 23:29 | Build | House |
| 23:30 | Build | House |
| 23:31 | Build | House |
| 23:33 | Build | House |
| 23:35 | Build | House |
| 23:47 | Create | Villager (Male) |
| 23:47 | Create | Villager (Male) |
| 23:47 | Create | Villager (Male) |
| 23:51 | Create | Villager (Male) |
| 23:52 | Create | Villager (Male) |
| 24:12 | Build | House |
| 24:12 | Build | House |
Build order — Ang3l
110 actions detected in the replay
| 0:02 | Create | Villager (Male) ×4 |
| 0:06 | Build | House |
| 1:26 | Create | Villager (Male) |
| 1:48 | Build | House |
| 1:49 | Build | House |
| 1:50 | Build | House |
| 1:55 | Create | Villager (Male) |
| 2:17 | Build | Lumber Camp |
| 2:22 | Create | Villager (Male) |
| 2:22 | Create | Villager (Male) |
| 2:54 | Create | Villager (Male) |
| 3:19 | Create | Villager (Male) |
| 3:19 | Create | Villager (Male) |
| 3:41 | Create | Villager (Male) |
| 3:41 | Create | Villager (Male) |
| 4:12 | Create | Villager (Male) |
| 4:38 | Create | Villager (Male) |
| 4:53 | Create | Villager (Male) |
| 5:35 | Create | Villager (Male) |
| 5:35 | Create | Villager (Male) |
| 5:35 | Create | Villager (Male) |
| 5:48 | Build | Mill |
| 6:20 | Create | Villager (Male) |
| 7:03 | Create | Villager (Male) |
| 7:03 | Create | Villager (Male) |
| 7:21 | Build | Mining Camp |
| 8:03 | Create | Villager (Male) |
| 8:22 | Create | Villager (Male) |
| 8:29 | Build | Mining Camp |
| 8:52 | Research | Feudal Age |
| 10:41 | Build | House |
| 10:53 | Research | Loom |
| 10:53 | Create | Villager (Male) |
| 10:55 | Create | Villager (Male) |
| 11:05 | Age | Feudal Age |
| 11:29 | Build | Market |
| 11:35 | Build | Blacksmith |
| 12:16 | Research | Castle Age |
| 12:16 | Research | Castle Age |
| 12:31 | Research | Double-Bit Axe |
| 14:21 | Research | Gold Mining |
| 14:23 | Research | Horse Collar |
| 14:30 | Create | Villager (Male) |
| 14:56 | Age | Castle Age |
| 15:04 | Create | Villager (Male) |
| 15:53 | Build | Castle |
| 16:06 | Create | Villager (Male) |
| 16:11 | Build | Farm |
| 16:12 | Build | Farm |
| 16:13 | Build | Farm |
| 16:13 | Build | Farm |
| 16:14 | Build | Farm |
| 16:15 | Build | Farm |
| 16:16 | Build | Farm |
| 16:17 | Build | Farm |
| 16:32 | Build | Mill |
| 16:36 | Create | Villager (Male) |
| 17:04 | Create | Conquistador |
| 17:26 | Create | Villager (Male) |
| 17:34 | Create | Conquistador |
| 17:46 | Build | Monastery |
| 17:50 | Create | Villager (Male) |
| 17:59 | Build | Mining Camp |
| 18:02 | Create | Conquistador |
| 18:04 | Create | Villager (Male) |
| 18:15 | Create | Missionary |
| 18:24 | Create | Villager (Male) |
| 18:43 | Build | Siege Workshop |
| 18:56 | Research | Wheelbarrow |
| 19:40 | Create | Battering Ram |
| 19:43 | Create | Villager (Male) |
| 20:17 | Create | Battering Ram |
| 21:21 | Create | Villager (Male) |
| 21:21 | Create | Villager (Male) |
| 21:31 | Create | Battering Ram |
| 21:36 | Create | Conquistador |
| 21:36 | Create | Conquistador |
| 21:39 | Research | Sanctity |
| 21:56 | Research | Bow Saw |
| 22:20 | Create | Villager (Male) |
| 22:20 | Create | Villager (Male) |
| 22:31 | Create | Missionary |
| 22:53 | Create | Conquistador |
| 22:53 | Create | Conquistador |
| 23:02 | Create | Battering Ram |
| 23:03 | Create | Battering Ram |
| 23:14 | Research | Town Watch |
| 23:39 | Create | Villager (Male) |
| 23:49 | Build | Farm |
| 23:50 | Build | Farm |
| 23:50 | Build | Farm |
| 23:51 | Build | Farm |
| 23:55 | Create | Villager (Male) |
| 24:35 | Create | Villager (Male) |
| 24:35 | Create | Villager (Male) |
| 25:04 | Create | Conquistador |
| 25:04 | Create | Conquistador |
| 25:11 | Create | Villager (Male) |
| 25:36 | Research | Devotion |
| 25:58 | Create | Conquistador |
| 26:10 | Build | House |
| 26:11 | Build | House |
| 26:11 | Build | House |
| 26:18 | Create | Villager (Male) |
| 26:53 | Create | Villager (Male) |
| 27:10 | Create | Conquistador |
| 27:21 | Create | Villager (Male) |
| 27:53 | Build | House |
| 27:57 | Build | House |
| 28:04 | Build | Palisade Wall |
Build order — LMG_Leonardo
First 150 of 238 actions detected
| 0:01 | Create | Villager (Male) |
| 0:01 | Create | Villager (Male) |
| 0:01 | Create | Villager (Male) |
| 0:02 | Build | House |
| 0:04 | Build | House |
| 0:33 | Create | Villager (Male) |
| 1:24 | Create | Villager (Male) |
| 1:44 | Build | Lumber Camp |
| 1:50 | Create | Villager (Male) |
| 1:50 | Create | Villager (Male) |
| 2:29 | Create | Villager (Male) |
| 2:29 | Create | Villager (Male) |
| 3:06 | Create | Villager (Male) |
| 3:06 | Create | Villager (Male) |
| 3:52 | Build | House |
| 3:53 | Build | House |
| 3:54 | Build | House |
| 4:04 | Create | Villager (Male) |
| 4:04 | Create | Villager (Male) |
| 4:05 | Create | Villager (Male) |
| 4:05 | Create | Villager (Male) |
| 4:37 | Build | Mill |
| 5:03 | Create | Villager (Male) |
| 5:03 | Create | Villager (Male) |
| 5:22 | Create | Villager (Male) |
| 5:22 | Create | Villager (Male) |
| 5:44 | Create | Villager (Male) |
| 5:44 | Create | Villager (Male) |
| 6:12 | Create | Villager (Male) |
| 6:36 | Create | Villager (Male) |
| 6:37 | Create | Villager (Male) |
| 6:37 | Create | Villager (Male) |
| 7:41 | Build | Mining Camp |
| 7:49 | Research | Feudal Age |
| 8:26 | Create | Villager (Male) |
| 8:26 | Create | Villager (Male) |
| 10:06 | Age | Feudal Age |
| 10:07 | Build | Market |
| 10:09 | Build | Blacksmith |
| 10:34 | Build | Mining Camp |
| 10:57 | Research | Castle Age |
| 10:57 | Research | Castle Age |
| 11:46 | Research | Double-Bit Axe |
| 11:47 | Create | Villager (Male) |
| 11:50 | Research | Loom |
| 11:52 | Create | Villager (Male) |
| 12:38 | Create | Villager (Male) |
| 12:38 | Create | Villager (Male) |
| 12:38 | Create | Villager (Male) |
| 13:01 | Build | House |
| 13:08 | Build | House |
| 13:37 | Age | Castle Age |
| 13:39 | Build | Castle |
| 13:50 | Build | Monastery |
| 13:55 | Create | Villager (Male) |
| 13:55 | Create | Villager (Male) |
| 13:55 | Create | Villager (Male) |
| 14:33 | Build | Farm |
| 14:45 | Create | Villager (Male) |
| 14:52 | Create | Monk |
| 15:11 | Create | Magyar Huszar |
| 15:30 | Build | Farm |
| 15:31 | Build | Farm |
| 15:33 | Build | House |
| 15:35 | Build | House |
| 15:41 | Create | Magyar Huszar |
| 16:00 | Build | Farm |
| 16:02 | Create | Villager (Male) |
| 16:03 | Create | Villager (Male) |
| 16:19 | Build | Farm |
| 16:24 | Build | Farm |
| 16:28 | Create | Magyar Huszar |
| 16:28 | Create | Magyar Huszar |
| 16:28 | Create | Magyar Huszar |
| 16:48 | Create | Villager (Male) |
| 16:48 | Create | Villager (Male) |
| 17:18 | Build | Stone Wall |
| 17:25 | Create | Villager (Male) |
| 17:39 | Create | Villager (Male) |
| 17:40 | Create | Villager (Male) |
| 17:46 | Build | Siege Workshop |
| 17:52 | Build | House |
| 17:53 | Build | House |
| 17:58 | Create | Villager (Male) |
| 17:58 | Create | Villager (Male) |
| 18:21 | Create | Villager (Male) |
| 18:21 | Create | Villager (Male) |
| 18:34 | Build | Farm |
| 18:40 | Create | Mangonel |
| 18:47 | Build | Farm |
| 18:51 | Build | Farm |
| 18:51 | Build | Farm |
| 18:53 | Create | Villager (Male) |
| 18:54 | Create | Magyar Huszar |
| 19:00 | Build | Farm |
| 19:33 | Create | Villager (Male) |
| 19:33 | Create | Villager (Male) |
| 19:48 | Build | Farm |
| 19:49 | Build | Farm |
| 19:53 | Build | Farm |
| 19:55 | Create | Villager (Male) |
| 19:56 | Create | Villager (Male) |
| 19:59 | Create | Battering Ram |
| 20:05 | Create | Magyar Huszar |
| 20:05 | Create | Magyar Huszar |
| 20:21 | Create | Villager (Male) |
| 20:21 | Create | Villager (Male) |
| 20:26 | Build | Farm |
| 20:32 | Create | Magyar Huszar |
| 20:32 | Create | Magyar Huszar |
| 20:41 | Create | Monk |
| 20:49 | Create | Villager (Male) |
| 20:49 | Create | Villager (Male) |
| 21:12 | Create | Villager (Male) |
| 21:12 | Create | Villager (Male) |
| 21:23 | Create | Petard |
| 21:26 | Create | Villager (Male) |
| 21:26 | Create | Villager (Male) |
| 21:32 | Create | Petard |
| 21:42 | Create | Villager (Male) |
| 21:42 | Create | Villager (Male) |
| 21:51 | Build | Town Center |
| 21:55 | Build | Lumber Camp |
| 21:59 | Create | Monk |
| 21:59 | Create | Monk |
| 22:22 | Create | Magyar Huszar |
| 22:22 | Create | Magyar Huszar |
| 22:23 | Create | Magyar Huszar |
| 22:23 | Create | Magyar Huszar |
| 22:29 | Research | Scale Barding Armor |
| 22:45 | Create | Villager (Male) |
| 22:45 | Create | Villager (Male) |
| 22:51 | Build | Barracks |
| 23:09 | Create | Magyar Huszar |
| 23:09 | Create | Magyar Huszar |
| 23:09 | Create | Magyar Huszar |
| 23:25 | Create | Villager (Male) |
| 23:25 | Create | Villager (Male) |
| 23:30 | Build | Farm |
| 23:30 | Build | Farm |
| 23:30 | Build | Farm |
| 23:30 | Build | Farm |
| 23:31 | Build | Farm |
| 23:31 | Build | Farm |
| 23:31 | Build | Farm |
| 23:31 | Build | Farm |
| 23:32 | Build | Farm |
| 23:42 | Create | Magyar Huszar |
| 23:42 | Create | Magyar Huszar |
| 23:43 | Create | Magyar Huszar |
Build order — iamjhing
First 150 of 162 actions detected
| 0:01 | Create | Villager (Male) |
| 0:01 | Create | Villager (Male) |
| 0:04 | Build | House |
| 0:05 | Build | House |
| 0:13 | Create | Villager (Male) |
| 0:14 | Create | Villager (Male) |
| 1:26 | Create | Villager (Male) |
| 1:45 | Build | Lumber Camp |
| 1:48 | Create | Villager (Male) |
| 2:40 | Create | Villager (Male) |
| 2:57 | Create | Villager (Male) |
| 3:34 | Create | Villager (Male) |
| 3:34 | Create | Villager (Male) |
| 4:03 | Build | House |
| 4:26 | Create | Villager (Male) |
| 4:26 | Create | Villager (Male) |
| 4:42 | Create | Villager (Male) |
| 5:19 | Build | Mill |
| 5:38 | Create | Villager (Male) |
| 5:39 | Create | Villager (Male) |
| 5:39 | Create | Villager (Male) |
| 5:54 | Build | House |
| 7:15 | Create | Villager (Male) |
| 7:16 | Create | Villager (Male) |
| 7:16 | Create | Villager (Male) |
| 7:30 | Build | House |
| 8:26 | Build | Mining Camp |
| 8:32 | Create | Villager (Male) |
| 8:32 | Create | Villager (Male) |
| 8:42 | Research | Feudal Age |
| 9:35 | Create | Villager (Male) |
| 9:35 | Create | Villager (Male) |
| 9:45 | Build | Barracks |
| 9:54 | Build | House |
| 10:40 | Build | House |
| 11:32 | Age | Feudal Age |
| 11:35 | Build | Blacksmith |
| 11:37 | Build | Stable |
| 11:55 | Build | Farm |
| 11:58 | Build | Farm |
| 12:13 | Research | Horse Collar |
| 12:20 | Research | Castle Age |
| 12:27 | Build | House |
| 12:28 | Create | Scout Cavalry |
| 12:35 | Research | Double-Bit Axe |
| 12:39 | Build | Farm |
| 12:45 | Build | Farm |
| 12:55 | Build | Farm |
| 13:03 | Build | Farm |
| 13:08 | Create | Scout Cavalry |
| 13:11 | Build | House |
| 13:12 | Build | Palisade Wall |
| 14:02 | Build | House |
| 14:20 | Create | Scout Cavalry |
| 14:24 | Build | Farm |
| 14:26 | Build | Farm |
| 14:28 | Build | Farm |
| 14:40 | Build | House |
| 14:53 | Create | Scout Cavalry |
| 15:02 | Age | Castle Age |
| 15:08 | Create | Villager (Male) |
| 15:17 | Build | Town Center |
| 15:31 | Research | Light Cavalry (upgrade) |
| 15:32 | Create | Villager (Male) |
| 15:55 | Research | Bow Saw |
| 16:06 | Create | Villager (Male) |
| 16:11 | Build | Farm |
| 16:12 | Build | Farm |
| 16:30 | Create | Villager (Male) |
| 16:59 | Create | Villager (Male) |
| 16:59 | Create | Villager (Male) |
| 17:16 | Create | Villager (Male) |
| 17:29 | Build | Farm |
| 17:33 | Build | Farm |
| 17:42 | Build | Farm |
| 17:47 | Build | Monastery |
| 17:49 | Create | Villager (Male) |
| 17:49 | Create | Villager (Male) |
| 18:16 | Create | Villager (Male) |
| 18:16 | Create | Villager (Male) |
| 18:23 | Build | Farm |
| 18:28 | Build | Farm |
| 18:38 | Create | Monk |
| 18:46 | Create | Villager (Male) |
| 18:46 | Create | Villager (Male) |
| 18:49 | Build | Farm |
| 19:09 | Create | Villager (Male) |
| 19:09 | Create | Villager (Male) |
| 19:12 | Build | Farm |
| 19:23 | Build | House |
| 19:26 | Create | Monk |
| 19:42 | Create | Monk |
| 19:43 | Create | Villager (Male) |
| 19:44 | Create | Villager (Male) |
| 19:46 | Build | Farm |
| 19:48 | Build | Farm |
| 19:52 | Research | Gold Mining |
| 19:56 | Build | House |
| 20:14 | Create | Villager (Male) |
| 20:14 | Create | Villager (Male) |
| 20:24 | Create | Villager (Male) |
| 20:24 | Create | Villager (Male) |
| 21:08 | Create | Villager (Male) |
| 21:08 | Create | Villager (Male) |
| 21:11 | Build | House |
| 21:17 | Build | Town Center |
| 21:29 | Research | Stone Mining |
| 21:45 | Create | Villager (Male) |
| 21:45 | Create | Villager (Male) |
| 21:53 | Research | Wheelbarrow |
| 21:54 | Research | Town Watch |
| 22:08 | Build | Mill |
| 22:09 | Build | Farm |
| 22:10 | Build | Farm |
| 22:10 | Build | Farm |
| 22:10 | Build | Farm |
| 22:10 | Build | Farm |
| 22:14 | Research | Heavy Plow |
| 22:15 | Create | Villager (Male) |
| 22:19 | Build | House |
| 22:20 | Build | House |
| 22:30 | Create | Villager (Male) |
| 22:34 | Research | Loom |
| 22:39 | Build | Farm |
| 22:42 | Build | Farm |
| 22:47 | Build | Lumber Camp |
| 22:53 | Build | Farm |
| 22:53 | Build | Farm |
| 22:54 | Build | Farm |
| 23:17 | Create | Monk |
| 23:21 | Build | Palisade Wall |
| 23:37 | Create | Villager (Male) |
| 23:38 | Create | Villager (Male) |
| 23:43 | Build | House |
| 23:53 | Build | Market |
| 23:57 | Build | House |
| 24:30 | Create | Villager (Male) |
| 24:31 | Create | Villager (Male) |
| 24:31 | Create | Villager (Male) |
| 25:16 | Build | Farm |
| 25:19 | Build | Castle |
| 25:31 | Create | Monk |
| 25:38 | Build | University |
| 26:05 | Research | Imperial Age |
| 26:21 | Create | Organ Gun |
| 26:22 | Create | Villager (Male) |
| 26:23 | Create | Villager (Male) |
| 26:33 | Build | House |
| 26:35 | Build | House |
| 26:38 | Build | House |
Build order — LMG_SON SABANDIJAS
First 150 of 191 actions detected
| 0:01 | Create | Villager (Male) |
| 0:01 | Create | Villager (Male) |
| 0:01 | Create | Villager (Male) |
| 0:03 | Build | House |
| 0:04 | Build | House |
| 0:11 | Create | Villager (Male) |
| 0:12 | Create | Villager (Male) |
| 1:15 | Create | Villager (Male) |
| 1:42 | Create | Villager (Male) |
| 1:43 | Create | Villager (Male) |
| 1:46 | Build | Lumber Camp |
| 2:01 | Create | Villager (Male) |
| 2:01 | Create | Villager (Male) |
| 2:27 | Create | Villager (Male) |
| 2:27 | Create | Villager (Male) |
| 2:50 | Create | Villager (Male) |
| 2:50 | Create | Villager (Male) |
| 3:11 | Create | Villager (Male) |
| 3:27 | Build | House |
| 3:37 | Create | Villager (Male) |
| 3:37 | Create | Villager (Male) |
| 4:06 | Build | House |
| 4:17 | Build | Mill |
| 4:30 | Create | Villager (Male) |
| 4:30 | Create | Villager (Male) |
| 4:30 | Create | Villager (Male) |
| 4:35 | Build | House |
| 4:44 | Create | Villager (Male) |
| 4:44 | Create | Villager (Male) |
| 4:59 | Build | House |
| 5:03 | Create | Villager (Male) |
| 5:03 | Create | Villager (Male) |
| 5:20 | Create | Villager (Male) |
| 5:20 | Create | Villager (Male) |
| 5:49 | Create | Villager (Male) |
| 5:56 | Build | Lumber Camp |
| 6:09 | Create | Villager (Male) |
| 6:10 | Create | Villager (Male) |
| 6:28 | Create | Villager (Male) |
| 6:28 | Create | Villager (Male) |
| 6:49 | Build | Mining Camp |
| 7:13 | Create | Villager (Male) |
| 7:23 | Build | Farm |
| 7:34 | Build | Farm |
| 7:38 | Build | Farm |
| 7:42 | Create | Villager (Male) |
| 8:02 | Build | Farm |
| 8:07 | Create | Villager (Male) |
| 8:39 | Create | Villager (Male) |
| 9:15 | Build | Farm |
| 9:17 | Create | Villager (Male) |
| 9:39 | Build | Farm |
| 9:45 | Research | Feudal Age |
| 10:22 | Create | Villager (Male) |
| 10:22 | Create | Villager (Male) |
| 12:11 | Age | Feudal Age |
| 12:15 | Build | Market |
| 12:17 | Build | Blacksmith |
| 12:23 | Research | Double-Bit Axe |
| 12:56 | Create | Villager (Male) |
| 13:26 | Research | Castle Age |
| 13:26 | Research | Castle Age |
| 13:39 | Build | House |
| 14:19 | Create | Villager (Male) |
| 14:19 | Create | Villager (Male) |
| 15:09 | Build | Farm |
| 15:39 | Create | Villager (Male) |
| 15:57 | Build | Farm |
| 16:06 | Age | Castle Age |
| 16:16 | Build | Siege Workshop |
| 16:28 | Build | Monastery |
| 16:50 | Create | Villager (Male) |
| 17:05 | Build | Barracks |
| 17:10 | Build | Farm |
| 17:11 | Build | Farm |
| 17:11 | Build | Farm |
| 17:20 | Research | Imperial Age |
| 18:15 | Build | Archery Range |
| 18:25 | Build | Farm |
| 18:30 | Build | Farm |
| 19:07 | Build | Archery Range |
| 19:20 | Create | Monk |
| 19:28 | Research | Padded Archer Armor |
| 19:36 | Build | House |
| 19:37 | Build | House |
| 19:41 | Build | House |
| 19:49 | Research | Horse Collar |
| 20:31 | Age | Imperial Age |
| 20:41 | Create | Hand Cannoneer |
| 20:41 | Create | Hand Cannoneer |
| 20:41 | Create | Hand Cannoneer |
| 20:47 | Create | Villager (Male) |
| 20:47 | Create | Villager (Male) |
| 20:47 | Create | Villager (Male) |
| 20:50 | Create | Hand Cannoneer |
| 20:50 | Create | Hand Cannoneer |
| 20:55 | Create | Bombard Cannon |
| 21:02 | Build | House |
| 21:05 | Build | House |
| 21:16 | Create | Hand Cannoneer |
| 21:18 | Create | Hand Cannoneer |
| 21:21 | Create | Villager (Male) |
| 21:24 | Research | Gold Mining |
| 21:42 | Create | Villager (Male) |
| 21:57 | Create | Bombard Cannon |
| 21:57 | Create | Bombard Cannon |
| 22:15 | Build | House |
| 22:17 | Build | House |
| 22:19 | Create | Hand Cannoneer |
| 22:19 | Create | Hand Cannoneer |
| 22:19 | Create | Hand Cannoneer |
| 22:30 | Create | Villager (Male) |
| 22:31 | Create | Villager (Male) |
| 22:39 | Build | Farm |
| 22:40 | Create | Villager (Male) |
| 22:44 | Create | Hand Cannoneer |
| 22:44 | Create | Hand Cannoneer |
| 23:01 | Create | Hand Cannoneer |
| 23:01 | Create | Hand Cannoneer |
| 23:04 | Create | Villager (Male) |
| 23:24 | Create | Hand Cannoneer |
| 23:24 | Create | Hand Cannoneer |
| 23:26 | Create | Villager (Male) |
| 23:29 | Build | Mining Camp |
| 23:39 | Create | Villager (Male) |
| 23:41 | Build | House |
| 23:42 | Build | House |
| 23:45 | Create | Villager (Male) |
| 23:45 | Create | Villager (Male) |
| 23:53 | Create | Hand Cannoneer |
| 23:53 | Create | Hand Cannoneer |
| 24:01 | Create | Hand Cannoneer |
| 24:01 | Create | Hand Cannoneer |
| 24:18 | Create | Hand Cannoneer |
| 24:18 | Create | Hand Cannoneer |
| 24:29 | Create | Hand Cannoneer |
| 24:30 | Create | Hand Cannoneer |
| 24:49 | Create | Hand Cannoneer |
| 24:50 | Create | Hand Cannoneer |
| 25:01 | Create | Hand Cannoneer |
| 25:20 | Create | Hand Cannoneer |
| 25:20 | Create | Hand Cannoneer |
| 25:26 | Build | House |
| 25:28 | Build | House |
| 25:35 | Create | Hand Cannoneer |
| 25:35 | Create | Hand Cannoneer |
| 25:58 | Create | Hand Cannoneer |
| 25:59 | Create | Hand Cannoneer |
| 26:05 | Build | Siege Workshop |
| 26:06 | Create | Villager (Male) |
Build order — Romans
First 150 of 231 actions detected
| 0:02 | Build | House |
| 0:03 | Build | House |
| 0:04 | Create | Villager (Male) |
| 0:04 | Create | Villager (Male) |
| 0:09 | Create | Villager (Male) ×2 |
| 0:09 | Create | Villager (Male) ×2 |
| 1:41 | Create | Villager (Male) |
| 1:41 | Create | Villager (Male) |
| 1:48 | Build | Lumber Camp |
| 2:04 | Create | Villager (Male) |
| 2:04 | Create | Villager (Male) |
| 2:31 | Create | Villager (Male) |
| 2:31 | Create | Villager (Male) |
| 2:53 | Create | Villager (Male) |
| 3:17 | Create | Villager (Male) |
| 3:32 | Build | House |
| 3:34 | Build | House |
| 3:38 | Create | Villager (Male) |
| 3:38 | Create | Villager (Male) |
| 4:11 | Create | Villager (Male) |
| 4:11 | Create | Villager (Male) |
| 5:04 | Create | Villager (Male) |
| 5:04 | Create | Villager (Male) |
| 5:26 | Create | Villager (Male) |
| 5:26 | Create | Villager (Male) |
| 5:33 | Build | Mill |
| 6:21 | Create | Villager (Male) |
| 6:50 | Create | Villager (Male) |
| 6:50 | Create | Villager (Male) |
| 7:40 | Build | Mining Camp |
| 7:56 | Research | Feudal Age |
| 8:42 | Build | House |
| 8:44 | Build | House |
| 9:45 | Create | Villager (Male) |
| 10:09 | Age | Feudal Age |
| 10:42 | Research | Castle Age |
| 10:43 | Research | Castle Age |
| 11:16 | Research | Double-Bit Axe |
| 11:28 | Build | Farm |
| 11:30 | Build | Farm |
| 11:31 | Build | Farm |
| 11:33 | Build | Farm |
| 11:50 | Build | Stable |
| 11:54 | Research | Loom |
| 11:55 | Create | Villager (Male) |
| 11:58 | Research | Horse Collar |
| 12:19 | Build | Farm |
| 12:25 | Create | Villager (Male) |
| 13:22 | Age | Castle Age |
| 13:26 | Build | Market |
| 13:31 | Create | Knight |
| 13:32 | Create | Knight |
| 13:41 | Create | Villager (Male) |
| 14:09 | Build | Monastery |
| 14:22 | Create | Knight |
| 14:49 | Create | Knight |
| 14:50 | Create | Villager (Male) |
| 15:01 | Build | Town Center |
| 15:05 | Create | Villager (Male) |
| 15:06 | Create | Villager (Male) |
| 15:17 | Create | Knight |
| 15:36 | Build | House |
| 15:42 | Build | Farm |
| 15:43 | Create | Villager (Male) |
| 15:53 | Create | Knight |
| 15:53 | Create | Knight |
| 15:58 | Build | Farm |
| 16:01 | Build | House |
| 16:16 | Create | Villager (Male) |
| 16:24 | Build | Farm |
| 16:26 | Create | Villager (Male) |
| 16:42 | Build | House |
| 16:44 | Create | Villager (Male) |
| 16:55 | Create | Villager (Male) |
| 16:59 | Build | Farm |
| 17:04 | Create | Villager (Male) |
| 17:04 | Create | Villager (Male) |
| 17:10 | Build | Farm |
| 17:22 | Build | Farm |
| 17:28 | Create | Monk |
| 17:29 | Create | Monk |
| 17:43 | Create | Villager (Male) |
| 17:44 | Create | Villager (Male) |
| 17:58 | Create | Villager (Male) |
| 17:58 | Create | Villager (Male) |
| 18:02 | Build | House |
| 18:14 | Build | Farm |
| 18:15 | Create | Villager (Male) |
| 18:41 | Create | Villager (Male) |
| 18:42 | Create | Villager (Male) |
| 18:47 | Build | House |
| 18:48 | Build | House |
| 18:49 | Create | Villager (Male) |
| 18:50 | Create | Villager (Male) |
| 18:55 | Build | Farm |
| 19:00 | Research | Bow Saw |
| 19:04 | Build | Farm |
| 19:06 | Build | Farm |
| 19:09 | Build | Farm |
| 19:10 | Create | Villager (Male) |
| 19:10 | Create | Villager (Male) |
| 19:34 | Create | Villager (Male) |
| 19:35 | Create | Villager (Male) |
| 19:41 | Create | Villager (Male) |
| 19:41 | Create | Villager (Male) |
| 19:53 | Build | Stable |
| 19:55 | Create | Villager (Male) |
| 19:55 | Create | Villager (Male) |
| 19:59 | Build | House |
| 20:01 | Build | House |
| 20:01 | Build | House |
| 20:04 | Create | Villager (Male) |
| 20:06 | Build | Farm |
| 20:08 | Build | Farm |
| 20:11 | Build | Farm |
| 20:12 | Create | Villager (Male) |
| 20:19 | Create | Knight |
| 20:27 | Build | Farm |
| 20:32 | Build | Farm |
| 20:33 | Create | Villager (Male) |
| 20:55 | Research | Bloodlines |
| 21:27 | Create | Villager (Male) |
| 21:28 | Create | Villager (Male) |
| 21:28 | Create | Villager (Male) |
| 21:28 | Create | Villager (Male) |
| 21:33 | Build | House |
| 21:34 | Build | House |
| 21:34 | Build | House |
| 21:35 | Build | House |
| 21:37 | Build | House |
| 21:39 | Create | Villager (Male) |
| 21:39 | Create | Villager (Male) |
| 21:57 | Create | Knight |
| 21:57 | Create | Knight |
| 21:57 | Create | Knight |
| 22:01 | Create | Villager (Male) |
| 22:01 | Create | Villager (Male) |
| 22:19 | Create | Villager (Male) |
| 22:19 | Create | Villager (Male) |
| 22:20 | Create | Villager (Male) |
| 22:40 | Create | Villager (Male) |
| 22:40 | Create | Villager (Male) |
| 22:47 | Create | Villager (Male) |
| 22:50 | Build | Farm |
| 22:52 | Build | Farm |
| 22:56 | Build | Farm |
| 22:58 | Create | Villager (Male) |
| 22:58 | Create | Villager (Male) |
| 23:31 | Build | Blacksmith |
| 23:33 | Create | Knight |
Match timeline
| 9:45 | iamjhing · first_building Barracks |
| 10:06 | LMG_Leonardo · age_up feudal |
| 10:09 | Romans · age_up feudal |
| 10:57 | LMG_HERA DE TEMU · age_up feudal |
| 11:05 | Ang3l · age_up feudal |
| 11:32 | iamjhing · age_up feudal |
| 11:37 | iamjhing · first_building Stable |
| 11:50 | Romans · first_building Stable |
| 12:11 | LMG_SON SABANDIJAS · age_up feudal |
| 13:10 | LMG_HERA DE TEMU · first_building Barracks |
| 13:12 | iamjhing · wall_segment Palisade Wall x1 |
| 13:22 | Romans · age_up castle |
| 13:29 | LMG_Leonardo · first_market_buy 100 stone |
| 13:37 | LMG_Leonardo · age_up castle |
| 13:39 | LMG_Leonardo · first_building Castle |
| 13:50 | LMG_Leonardo · first_building Monastery |
| 14:03 | LMG_HERA DE TEMU · first_building Stable |
| 14:09 | Romans · first_building Monastery |
| 14:38 | LMG_HERA DE TEMU · age_up castle |
| 14:56 | Ang3l · age_up castle |
| 14:59 | LMG_HERA DE TEMU · first_building Monastery |
| 15:02 | iamjhing · age_up castle |
| 15:53 | Ang3l · first_building Castle |
| 16:06 | LMG_SON SABANDIJAS · age_up castle |
| 16:16 | LMG_SON SABANDIJAS · first_building Siege Workshop |
| 16:28 | LMG_SON SABANDIJAS · first_building Monastery |
| 16:55 | LMG_SON SABANDIJAS · first_market_sell 100 stone |
| 16:56 | Ang3l · first_market_buy 100 food |
| 17:05 | LMG_SON SABANDIJAS · first_building Barracks |
| 17:18 | LMG_Leonardo · wall_segment Stone Wall x10 |
| 17:46 | Ang3l · first_building Monastery |
| 17:46 | LMG_Leonardo · first_building Siege Workshop |
| 17:47 | iamjhing · first_building Monastery |
| 18:15 | LMG_SON SABANDIJAS · first_building Archery Range |
| 18:43 | Ang3l · first_building Siege Workshop |
| 18:58 | Romans · first_market_buy 100 food |
| 20:31 | LMG_SON SABANDIJAS · age_up imperial |
| 22:42 | Romans · first_market_sell 500 wood |
| 22:51 | LMG_Leonardo · first_building Barracks |
| 23:21 | iamjhing · wall_segment Palisade Wall x1 |
| 24:18 | LMG_Leonardo · first_building Stable |
| 25:19 | iamjhing · first_building Castle |
| 26:42 | Ang3l · first_market_sell 500 wood |
| 27:24 | LMG_HERA DE TEMU · tribute_sent a jugador 1 |
| 27:24 | LMG_HERA DE TEMU · tribute_sent a jugador 2 |
| 27:24 | LMG_HERA DE TEMU · tribute_sent a jugador 3 |
| 27:24 | LMG_HERA DE TEMU · tribute_sent a jugador 4 |
| 27:24 | LMG_HERA DE TEMU · tribute_sent a jugador 5 |
| 27:29 | iamjhing · wall_segment Palisade Wall x1 |
| 27:40 | LMG_SON SABANDIJAS · first_market_buy 100 wood |
| 27:57 | LMG_HERA DE TEMU · first_market_buy 100 food |
| 28:04 | Ang3l · wall_segment Palisade Wall x1 |
| 29:15 | iamjhing · age_up imperial |
| 29:36 | Romans · resign |
[ AI ANALYSIS · 1 CREDIT ]
What really happened in this match?
Wolo.gg analyzes every decision: build order, eco, micro, common mistakes by bracket. Personalized analysis on WhatsApp or Discord in 30 seconds.
Civ guide
Burgundians
Perfil
Jugador #12168959